 Dungeon Crawl Stone Soup version 0.25.0-9-g26727b657a (webtiles) character file.

Game seed: 15950542753093110928

18697 mopl the Pandemonic (level 12, -2/94 HPs)
             Began as a Demonspawn Gladiator on June 18, 2020.
             Was a High Priest of Makhleb.
             Slain by a sixfirhy (3 damage)
             ... in a Gauntlet.
             The game lasted 00:32:37 (17364 turns).

mopl the Pandemonic (Demonspawn Gladiator)         Turns: 17364, Time: 00:32:37

Health: -2/94      AC: 23    Str: 19    XL:     12   Next: 30%
Magic:  20/20      EV:  8    Int: 15    God:    Makhleb [*****.]
Gold:   601        SH:  8    Dex: 18    Spells: 11/11 levels left

rFire    . . .     SeeInvis +   b - +2 broad axe (elec)
rCold    + + .     Gourm    .   f - +0 buckler
rNeg     . . .     Faith    .   y - +0 chain mail {rC+}
rPois    .         Spirit   .   (helmet restricted)
rElec    .         Reflect  .   s - +4 cloak "Seckumap" {rC+ Int+4 Dex+4 Stlth+}
rCorr    .         Harm     .   F - +0 pair of gloves
MR       .....     NoTele   +   e - +1 pair of boots
Stlth    ..........             w - amulet of magic regeneration
HPRegen  0.25/turn              o - +4 ring of protection
MPRegen  0.42/turn              t - ring of see invisible

@: no status effects
A: antennae 2, large bone plates 1, demonic guardian 1
a: Minor Destruction, Lesser Servant of Makhleb, Major Destruction, Greater
Servant of Makhleb, Renounce Religion


You were in a Gauntlet.
You worshipped Makhleb.
Makhleb was extremely pleased with you.
You were not hungry.

You visited 3 branches of the dungeon, and saw 15 of its levels.
You also visited: Gauntlet.

You collected 978 gold pieces.
You spent 343 gold pieces at shops.
You paid 34 gold pieces to Gozag.

Inventory:

Hand Weapons
 a - the +9 staff of Olgreb {rPois∞}
   (You found it on level 6 of the Dungeon)

   It grants immunity to poison.
 b - a +2 broad axe of electrocution (weapon)
 O - a -3 war axe of flaming
 Q - a +0 dagger of venom
Missiles
 d - 8 throwing nets
 r - 18 poisoned darts (quivered)
 v - 6 boomerangs
 J - 6 curare-tipped darts
Armour
 e - a +1 pair of boots (worn)
 f - a +0 buckler (worn)
 s - the +4 cloak "Seckumap" (worn) {rC+ Int+4 Dex+4 Stlth+}
   (You found it on level 4 of the Dungeon)

   It affects your intelligence (+4).
   It affects your dexterity (+4).
   It protects you from cold.
   It makes you more stealthy.
 y - a +0 chain mail of cold resistance (worn)
 F - a +0 pair of gloves (worn)
Jewellery
 o - a +4 ring of protection (left hand)
 p - an uncursed ring of fire
 t - a ring of see invisible (right hand)
 w - an amulet of magic regeneration (around neck)
Wands
 k - a wand of flame (3)
 M - a wand of digging (8)
Scrolls
 g - 3 scrolls of enchant weapon {unknown}
 h - a scroll of fog {unknown}
 i - 3 scrolls of teleportation
 j - 8 scrolls of identify
 l - 2 scrolls of blinking {unknown}
 n - 5 scrolls of remove curse
 u - a scroll of noise {unknown}
 x - 4 scrolls of amnesia {unknown}
 A - 2 scrolls of fear {unknown}
 B - 4 scrolls of magic mapping
 D - 4 scrolls of immolation {unknown}
 H - a scroll of brand weapon {unknown}
 I - a scroll of random uselessness {unknown}
Potions
 m - 4 potions of curing
 q - a potion of heal wounds
 z - 3 potions of mutation
 E - a potion of resistance
 G - a potion of berserk rage
 K - a potion of haste
 L - 3 potions of lignification
Comestibles
 c - 18 rations


   Skills:
 + Level 8.7 Fighting
 - Level 8.1 Axes
 * Level 9.9 Staves
 - Level 1.7 Throwing
 + Level 7.7 Armour
 - Level 2.8 Dodging
 - Level 0.5 Shields
 + Level 11.8 Invocations
 * Level 2.3 Evocations


You had 11 spell levels left.
You didn't know any spells.
Your spell library was empty.

Dungeon Overview and Level Annotations

Branches:
Dungeon (12/15)            Temple (1/1) D:4            Lair (0/6) D:11
    Orc (2/2) D:11            Elf (0/3) Orc:2       Gauntlet (1/1)

Altars:
Ashenzari
Cheibriados
Dithmenos
Elyvilon
Fedhas
Gozag
Hepliaklqana
Kikubaaqudgha
Makhleb
Nemelex Xobeh
Okawaru
Qazlal
Ru
Sif Muna
Trog
Uskayaw
Vehumet
Wu Jian
Xom
Yredelemnul
Zin
The Shining One

Shops:
D:6 [   D:9 :*=(   D:10 (

Portals:
Trove: D:11 (give 5 potions of resistance)

Annotations:
D:6 1 runed translucent door
D:12 2 runed translucent doors, Roubeug's ghost, journeyman FeBe Gauntlet 11 transporters, 3 runed translucent doors, exclusions: ice statue and obsidian statue


Innate Abilities, Weirdness & Mutations

You have a pair of antennae on your head.
You are partially covered in large bone plates. (SH +4)
A weak demonic guardian rushes to your aid.


Message History

* * * LOW HITPOINT WARNING * * *
The sixfirhy hits you!
* * * LOW HITPOINT WARNING * * *
The sixfirhy shocks you!
* * * LOW HITPOINT WARNING * * *
Your quasit bites the sixfirhy.
Your quasit closely misses the sixfirhy.
Your quasit completely misses the sixfirhy.
The sixfirhy hits your quasit!
Your quasit dies!
Okay, then.
Evoke which item? (* to show all) (? for menu, Esc to quit)
Okay, then.
Unknown command.
You don't know any spells.
Unknown command.
You slash the sixfirhy!
The sixfirhy is almost dead.
The sixfirhy hits you.
You die...

####≈≈≈≈≈#### #≈≈...♣...≈≈#
#≈..∩...∩..≈# ####.....©.....####
#≈≈..#########..≈≈#
#≈...#...##..#...≈#
####..♣.#..##...#.♣..####
#≈≈.....#.##3.#.#.PP..≈≈#
#≈..♣...#.#.@##.#.P.♣..≈#
####.......#...##..#.P.P...####
#≈≈..♣PP.♣.#..##?..#.♣P..♣..≈≈#
#≈.........#.##©.[.#.........≈#
##...#######################...##
≈....#©.........©.........©#....≈
..#############################..
..#......5#...........#kk.....#..
♣.#....#..#..P#≈#≈#...#.#####.#.♣


You could see a sixfirhy and a shadow imp.

Vanquished Creatures
  Snorg (D:11)
  An orc knight (Orc:2)
  2 orc sorcerers
  An elephant (D:11)
  2 centaur skeletons
  Maggie (D:8)
  2 kobold demonologists (D:12)
  2 trolls
  4 slime creatures (D:12)
  4 hippogriffs
  A vampire (D:11)
  2 wraiths
  17 yaks
  The ghost of Skimidon the Skirmisher, an amateur HOMo (D:4)
  A hungry ghost (D:10)
  A basilisk (D:11)
  A steam dragon (D:8)
  4 soldier ants (D:6)
  2 water moccasins
  A black bear (D:12)
  A hornet zombie (D:12)
  2 sky beasts (D:5)
  An ice beast (D:8)
  8 orc warriors
  An eye of draining (D:12)
  2 phantoms
  9 ogres
  9 centaurs
  3 big kobolds
  7 bullfrogs
  A water moccasin zombie (D:9)
  A wyvern zombie (D:10)
  4 scorpions
  3 wights (D:10)
  10 killer bees (D:6)
  2 electric eels (D:7)
  A howler monkey (D:8)
  7 crimson imps
  A bullfrog zombie (D:8)
  2 gnoll shamans
  4 orc priests
  8 hounds
  A jelly (D:9)
  4 bullfrog skeletons
  2 iguanas
  16 orc wizards
  23 worker ants
  A killer bee zombie (D:6)
  A hound zombie (D:5)
  2 hound skeletons
  A worker ant zombie (D:10)
  29 gnolls
  2 howler monkey zombies (D:6)
  16 adders
  3 shadow imps
  3 ufetubi (Gauntlet)
  An ooze (D:6)
  An adder skeleton (D:5)
  4 worms (D:2)
  A dart slug (D:1)
  7 leopard geckos
  41 orcs
  4 giant cockroaches
  13 goblins
  13 hobgoblins
  7 jackals
  8 quokkas
  16 bats
  9 frilled lizards
  15 kobolds
  A leopard gecko skeleton (D:4)
  A quokka skeleton (D:7)
  4 rats
388 creatures vanquished.

Vanquished Creatures (collateral kills)
  A two-headed ogre (D:6)
  An ugly thing (D:11)
  A centaur skeleton (D:11)
  A troll (D:11)
  3 slime creatures (D:12)
  3 yaks (D:10)
  A basilisk (D:11)
  A water moccasin (D:7)
  An ice beast (D:5)
  A sky beast (D:8)
  2 ogres
  A phantom (D:8)
  2 wights (D:10)
  A jelly (D:5)
  2 crimson imps
  2 hounds
  An orc priest (Orc:2)
  2 orc wizards
  A gnoll shaman (D:10)
  An adder (D:5)
  3 gnolls
  A shadow imp (D:5)
  6 orcs
  2 kobolds
41 creatures vanquished.

Vanquished Creatures (others)
  2 orcs
  A fungus (D:11)
  2 withered plants (D:4)
5 creatures vanquished.

Grand Total: 434 creatures vanquished

Notes
Turn   | Place    | Note
-------+----------+-------------------------------------------
     0 | D:1      | mopl the Demonspawn Gladiator began the quest for the Orb.
     0 | D:1      | Reached XP level 1. HP: 16/16 MP: 1/1
   321 | D:1      | Gained mutation: You have a pair of small antennae on your
                  | head. [demonic ancestry]
   321 | D:1      | Reached XP level 2. HP: 22/22 MP: 2/2
   572 | D:1      | Found a shattered altar of Ashenzari.
   726 | D:1      | Reached XP level 3. HP: 27/27 MP: 3/3
  1456 | D:1      | Reached XP level 4. HP: 4/33 MP: 4/4
  2069 | D:2      | Reached skill level 5 in Axes
  2535 | D:3      | Gained mutation: A weak demonic guardian rushes to your
                  | aid. [demonic ancestry]
  2535 | D:3      | Reached XP level 5. HP: 29/38 MP: 5/5
  2670 | D:3      | Found a shattered altar of Ashenzari.
  3030 | D:3      | Found an opulent altar of Gozag.
  3031 | D:3      | Found a glowing silver altar of Zin.
  3056 | D:3      | Became a worshipper of Gozag Ym Sagoz the Greedy
  3057 | D:3      | Fell from the grace of Gozag
  3219 | D:4      | Found a hazy altar of Hepliaklqana.
  3326 | D:4      | Found a staircase to the Ecumenical Temple.
  3375 | Temple   | Entered the Ecumenical Temple
  3422 | Temple   | Became a worshipper of Makhleb the Destroyer
  3451 | D:4      | Reached skill level 1 in Invocations
  3680 | D:4      | Found a runed translucent door.
  3680 | D:4      | Noticed Skimidon's ghost (amateur HOMo)
  3812 | D:4      | Reached skill level 2 in Invocations
  4025 | D:4      | Reached XP level 6. HP: 6/44 MP: 7/7
  4542 | D:4      | Reached skill level 3 in Invocations
  4735 | D:4      | Found a shimmering altar of Xom.
  4735 | D:4      | Found a faded altar of an unknown god.
  4740 | D:4      | Found a radiant altar of Vehumet.
  4742 | D:4      | Found a faded altar of an unknown god.
  4744 | D:4      | Found a sparkling altar of Nemelex Xobeh.
  5015 | D:4      | Was forgiven by Gozag
  5015 | D:4      | Reached skill level 4 in Invocations
  5021 | D:4      | Got a smoking cloak
  5027 | D:4      | Identified the +4 cloak "Seckumap" {rC+ Int+4 Dex+4 Stlth+}
                  | (You found it on level 4 of the Dungeon)
  5143 | D:4      | Gained mutation: You are partially covered in large bone
                  | plates. (SH +4) [demonic ancestry]
  5143 | D:4      | Reached XP level 7. HP: 29/50 MP: 10/10
  5354 | D:5      | Entered Level 5 of the Dungeon
  5462 | D:5      | Reached * piety under Makhleb
  5462 | D:5      | Reached skill level 5 in Invocations
  5488 | D:5      | Reached skill level 1 in Armour
  5642 | D:5      | Gained mutation: You have a pair of antennae on your head.
                  | [demonic ancestry]
  5642 | D:5      | Reached XP level 8. HP: 58/58 MP: 12/12
  5721 | D:5      | Reached skill level 6 in Invocations
  6252 | D:5      | Found a shimmering blue altar of Sif Muna.
  6660 | D:6      | Found Joarox's Armour Boutique.
  6668 | D:6      | Bought a +1 pair of boots for 149 gold pieces
  7110 | D:6      | Found a runed translucent gate.
  7111 | D:6      | Found a runed translucent door.
  7119 | D:6      | Found a runed translucent gate.
  7119 | D:6      | Found a runed translucent gate.
  7127 | D:6      | Found a runed translucent door.
  7134 | D:6      | Found the +9 staff of Olgreb {rPois∞}
  7316 | D:6      | Reached skill level 1 in Staves
  7611 | D:6      | Noticed a two-headed ogre
  7633 | D:6      | Killed a two-headed ogre
  7633 | D:6      | Reached skill level 7 in Invocations
  7633 | D:6      | Reached XP level 9. HP: 42/66 MP: 14/14
  7822 | D:7      | Reached ** piety under Makhleb
  7925 | D:7      | Reached skill level 5 in Fighting
  7933 | D:7      | Found a white marble altar of Elyvilon.
  8119 | D:7      | Reached skill level 8 in Invocations
  8176 | D:7      | Noticed a +0 hand axe
  8177 | D:7      | Noticed a +0 dagger
  8178 | D:7      | Found a hide-covered altar of Uskayaw.
  9067 | D:8      | Noticed Maggie
  9114 | D:8      | Killed Maggie
  9114 | D:8      | Reached skill level 5 in Staves
  9509 | D:8      | Reached XP level 10. HP: 76/76 MP: 16/16
  9832 | D:8      | Reached skill level 5 in Armour
  9924 | D:8      | Reached skill level 9 in Invocations
  9969 | D:9      | Found Vuyrhiod's Assorted Antiques.
  9991 | D:9      | Reached *** piety under Makhleb
 10289 | D:9      | Bought a bubbling ruby potion for 29 gold pieces
 10289 | D:9      | Bought a scroll labeled CASMOEGGUN for 33 gold pieces
 10289 | D:9      | Bought a scroll labeled SEGRYI TICWOH for 33 gold pieces
 10289 | D:9      | Bought a scroll labeled OJEFEA IPUEFI for 33 gold pieces
 10289 | D:9      | Bought a scroll of identify for 66 gold pieces
 10309 | D:9      | Found Xiaduan's Book Boutique.
 10400 | D:9      | Found Keac's Weapon Boutique.
 10518 | D:9      | Found Onnyoth's Jewellery Shoppe.
 10619 | D:10     | Entered Level 10 of the Dungeon
 11041 | D:10     | Reached **** piety under Makhleb
 11236 | D:10     | Reached skill level 10 in Invocations
 11505 | D:10     | Found Upsach's Weapon Emporium.
 11859 | D:10     | Reached XP level 11. HP: 68/84 MP: 18/18
 12333 | D:11     | Noticed Snorg
 12359 | D:11     | Killed Snorg
 13764 | D:11     | Found a portal to a secret trove of treasure.
 13795 | D:11     | Found a staircase to the Lair.
 14122 | D:11     | Found a staircase to the Orcish Mines.
 14350 | D:11     | Noticed a red ugly thing
 14365 | D:11     | Killed a red ugly thing
 14687 | D:12     | Reached skill level 11 in Invocations
 14957 | D:12     | Noticed Roubeug's ghost (journeyman FeBe)
 14957 | D:12     | Noticed a lich
 14957 | D:12     | Noticed a centaur warrior
 14957 | D:12     | Noticed a skeletal warrior
 14958 | D:12     | Noticed a skeletal warrior
 14958 | D:12     | Noticed a skeletal warrior
 14958 | D:12     | Noticed an ettin
 14959 | D:12     | Noticed a tengu reaver
 15350 | D:12     | Found a runed translucent door.
 15352 | D:12     | Found a runed translucent door.
 15360 | D:12     | Noticed a necromancer
 15425 | D:12     | Noticed a skeletal warrior
 15791 | D:4      | Killed Skimidon's ghost
 15991 | D:6      | Reached XP level 12. HP: 61/94 MP: 20/20
 16583 | Orc:1    | Entered Level 1 of the Orcish Mines
 16925 | Orc:2    | Entered Level 2 of the Orcish Mines
 16934 | Orc:2    | Reached skill level 1 in Evocations
 16974 | Orc:2    | Reached ***** piety under Makhleb
 17051 | Orc:2    | Found a staircase to the Elven Halls.
 17097 | Orc:2    | Found a gate leading to a gauntlet.
 17119 | Gauntlet | Entered a Gauntlet
 17119 | Gauntlet | Found a transporter.
 17128 | Gauntlet | Found a transporter.
 17145 | Gauntlet | Found a transporter.
 17146 | Gauntlet | Found a transporter.
 17153 | Gauntlet | Found a runed translucent door.
 17156 | Gauntlet | Found a transporter.
 17170 | Gauntlet | Found a transporter.
 17180 | Gauntlet | Found a transporter.
 17190 | Gauntlet | Found a transporter.
 17204 | Gauntlet | Found a transporter.
 17211 | Gauntlet | Found a runed translucent door.
 17213 | Gauntlet | Found a transporter.
 17215 | Gauntlet | Found a runed translucent door.
 17215 | Gauntlet | Found a transporter.
 17229 | Gauntlet | Found a transporter.
 17363 | Gauntlet | HP: 1/94 [sixfirhy (11)]
 17364 | Gauntlet | Slain by a sixfirhy

Illustrated notes

Levels and vault maps discovered:
D:1:      minmay_arrival_radiant_lines, layout_basic, ashenzari_altar_1
D:2:      layout_loops_ring, eino_tiny_chamber
D:3:      layout_rooms, grunt_temple_overflow_gold_and_silver,
          nicolae_overflow_crystal_walls
D:4:      layout_loops_cross, chequers_temple_overflow_minitemple,
          lemuel_crystal_altar, minmay_temple_entry_waves, first_ration,
          gammafunk_ghost_grave
D:5:      minmay_angry_zag, layout_basic, led_sif_book
D:6:      layout_cave_pods, serial_shops, shop, nicolae_benzene_ring,
          minmay_guarded_unrand_staff_of_olgreb
D:7:      layout_rooms, kennysheep_little_box, dancing_weapons_uskayaw,
          grunt_ogre_cave, minmay_misc_feat_square, serial_bayou_ford_a
D:8:      layout_basic, hex_intersection, uniq_maggie
D:9:      layout_big_octagon, serial_shops, kennysheep_mini, nicolae_shop_trees,
          nicolae_shop_trees, nicolae_shop_crystal
D:10:     layout_irregular_city, serial_shops, nicolae_shop_stone
D:11:     old_forge, layout_basic, david_lair_generic, orc_0_dummy,
          nicolae_trove_entry_crossroad, uniq_snorg
D:12:     layout_grid_maze, muffindrake_ghost_dual_entry
Temple:   nicolae_temple_god_jail
Orc:1:    layout_caves, rock_pile
Orc:2:    grunt_orc_community_town_hall, layout_diamond_mine,
          grunt_orc_community_big_house_2, grunt_orc_community_big_house_1,
          grunt_orc_community_house_2, grunt_orc_community_house_2,
          grunt_orc_community_house_3, grunt_orc_community_house_2,
          gauntlet_entry_generic
Gauntlet: minmay_gauntlet_77_tree [minmay_gauntlet_arena_77_two_lines,
          minmay_gauntlet_arena_77_shame_cube,
          minmay_gauntlet_arena_77_double_cross, minmay_gauntlet_arena_77_box,
          minmay_gauntlet_arena_77_broken_ladder,
          minmay_gauntlet_arena_77_chump_sandwich,
          minmay_gauntlet_arena_77_path, gauntlet_exit_hidden_loot]

Skill      XL: |  1  2  3  4  5  6  7  8  9 10 11 12 |
---------------+-------------------------------------+-----
Axes           | 3 4 5 6 7 8 |  8.1
Invocations    | 2 4 5 7 8 10 11 | 11.8
Armour         | 1 3 4 6 7 |  7.7
Fighting       | 3 4 5 7 8 |  8.7
Staves         | 2 5 7 9 |  9.9
Evocations     | 2 |  2.3
Throwing       | |  1.7
Dodging        | |  2.8
Shields        | |  0.5

Action                   |  1- 3 |  4- 6 |  7- 9 | 10-12 || total
-------------------------+-------+-------+-------+-------++-------
Melee: War axe           |   137 |    37 |    25 |   505 ||   704
       Dagger            |       |   246 |   652 |   602 ||  1500
       Staff             |       |       |       |    98 ||    98
       Broad axe         |       |       |       |     8 ||     8
Throw: Dart              |       |       |     6 |     4 ||    10
Invok: Renounce Religion |       |     1 |       |       ||     1
       Minor Destruction |       |       |     2 |     1 ||     3
       Major Destruction |       |       |       |     6 ||     6
       Lesser Servant of |       |       |       |     4 ||     4
Evoke: Wand              |       |       |     4 |     2 ||     6
       Staff of Olgreb   |       |       |       |    34 ||    34
  Use: Scroll            |       |     2 |     3 |     5 ||    10
 Stab: Sleeping          |       |     1 |     1 |       ||     2
       Distracted        |       |       |     3 |     9 ||    12
  Eat: Chunk             |     2 |    12 |    15 |    24 ||    53
       Ration            |       |       |       |     2 ||     2
Armor: Ring mail         |    48 |    93 |    49 |       ||   190
       Chain mail        |       |       |   332 |   826 ||  1158
Dodge: Dodged            |    76 |   206 |   256 |   493 ||  1031
Block: Buckler           |     7 |    43 |   250 |   563 ||   863
